Senators vs Bruins

Created - January 15 2007 at 20:16

Goals
1 2 3 T
Senators 0 0 3 3
Bruins 1 0 3 4
Shots
1 2 3 T
Senators 9 9 13 31
Bruins 4 10 10 24

Period #1

1. Bruins , Rick Nash 7 (Brian Leetch, Pavel Datsyuk) at 10:07 (PP)

Penalities :
Zdeno Chara (BOS) for Slashing (Minor) at 2:31, Paul Mara (BOS) for Interference (Minor) at 4:51, Chris Phillips (OTT) for Tripping (Minor) at 9:02, Antoine Vermette (OTT) for Checking from behind (Major) at 14:29

Period #2

No Goal

Penalities :
Shean Donovan (BOS) for Roughing (Minor) at 3:27, Nathan Dempsey (BOS) for Tripping (Minor) at 5:37, Antoine Vermette (OTT) for Elbowing (Minor) at 8:16, Alex Zhamnov (BOS) for Slashing (Minor) at 10:56, Mike Cammalleri (OTT) for Diving (Minor) at 14:56, Antoine Vermette (OTT) for Delaying the game (Minor) at 17:06

Period #3

2. Bruins , Patrice Bergeron 10 (Brian Leetch, Rick Nash) at 1:19
3. Bruins , Rick Nash 8 (Zdeno Chara, Glen Murray) at 4:23 (PP)
4. Senators , Jason Spezza 5 (Wade Redden, Peter Schaefer) at 6:27 (PP)
5. Senators , Joffrey Lupul 8 (Jason Spezza, Andrej Meszaros) at 16:07 (PP)
6. Senators , Chris Phillips 2 (Antoine Vermette, Joe Corvo) at 18:39
7. Bruins , Pavel Datsyuk 6 (Rick Nash, Brad Boyes) at 19:08

Penalities :
Mattias Norstrom (BOS) for Cross-checking (Minor) at 0:28, Mike Fisher (OTT) for Charging (Minor) at 0:52, Brent Seabrook (OTT) for Cross-checking (Minor) at 3:03, Sean Avery (BOS) for Diving (Minor) at 5:18, Sean Avery (BOS) for Slashing (Minor) at 12:08, Shean Donovan (BOS) for Clipping (Minor) at 14:11, Nathan Dempsey (BOS) for Slashing (Minor) at 16:32

Goalie Stats

Martin Gerber (OTT), 20 saves from 24 shots - (0.833), L, 12-6-1, 60:00 minutes
Tim Thomas (BOS), 28 saves from 31 shots - (0.903), W, 4-9-1, 60:00 minutes

Players Stats

Senators
Player Name              G  A  P  +/- PIM S  H  SB FO MP 
-----------------------------------------------------------
Andrej Meszaros          0  1  1  -2  0   0  0  0  0  19 
Antoine Vermette         0  1  1   1  9   2  0  0  23 20 
Anton Volchenkov         0  0  0   0  0   0  0  0  0  9  
Brent Seabrook           0  0  0  -1  2   2  0  1  0  16 
Chris Kelly              0  0  0   0  0   2  0  0  5  14 
Chris Neil               0  0  0   0  0   1  2  0  2  10 
Chris Phillips           1  0  1   1  2   1  0  0  0  12 
Dany Heatley             0  0  0  -1  0   4  1  0  8  21 
Jason Spezza             1  1  2   0  0   6  0  0  35 24 
Joe Corvo                0  1  1   1  0   0  1  1  0  12 
Joffrey Lupul            1  0  1   0  0   3  0  0  5  21 
Marc-Andre Bergeron      0  0  0   0  0   0  0  0  0  9  
Mike Cammalleri          0  0  0  -1  2   0  0  0  0  17 
Mike Fisher              0  0  0   0  2   3  0  0  2  23 
Patrick Eaves            0  0  0   0  0   0  0  0  1  18 
Peter Schaefer           0  1  1  -1  0   5  0  0  14 23 
Tom Preissing            0  0  0   0  0   1  0  0  0  10 
Wade Redden              0  1  1  -1  0   1  1  3  0  24 
Bruins
Player Name              G  A  P  +/- PIM S  H  SB FO MP 
-----------------------------------------------------------
Alex Zhamnov             0  0  0   0  2   0  0  0  0  4  
Brad Boyes               0  1  1   1  0   3  0  0  4  17 
Brian Leetch             0  2  2   1  0   1  0  6  0  24 
Glen Murray              0  1  1   0  0   3  0  0  4  22 
Kirk Maltby              0  0  0   0  0   0  0  0  1  6  
Marco Sturm              0  0  0   0  0   3  0  0  0  16 
Mattias Norstrom         0  0  0   1  2   0  2  2  0  16 
Nathan Dempsey           0  0  0  -1  4   0  0  1  0  13 
P.J. Axelsson            0  0  0  -1  0   0  0  0  1  12 
Patrice Bergeron         1  0  1   1  0   3  0  0  31 24 
Paul Mara                0  0  0  -1  2   0  1  0  0  25 
Pavel Datsyuk            1  1  2   1  0   4  0  0  25 18 
Rick Nash                2  2  4   2  0   5  0  0  1  20 
Rostislav Klesla         0  0  0   1  0   0  1  3  0  21 
Sean Avery               0  0  0  -1  4   1  1  0  12 13 
Shean Donovan            0  0  0  -1  4   1  0  0  0  13 
Wayne Primeau            0  0  0   0  0   0  0  0  16 12 
Zdeno Chara              0  1  1   1  2   0  3  2  0  23 

3 Stars

1 - Rick Nash (BOS)
2 - Pavel Datsyuk (BOS)
3 - Brian Leetch (BOS)

Power Play

Senators - 2 on 10 Attempt(s) - 20.00%
Bruins - 2 on 7 Attempt(s) - 28.57%

Penalty Kill

Senators - 5 on 7 Attempt(s) - 71.43% - Score 0 goal in Penalty Kill
Bruins - 8 on 10 Attempt(s) - 80.00% - Score 0 goal in Penalty Kill

Game Notes

No Game Note

Finance

Level 1 -- Attendance: 4128 (68.80%) -- Ticket Income $412,800.00
Level 2 -- Attendance: 3822 (79.63%) -- Ticket Income $229,320.00
Level 3 -- Attendance: 1885 (94.26%) -- Ticket Income $65,975.00
Level 4 -- Attendance: 3235 (85.93%) -- Ticket Income $64,700.00
Luxury Box -- Attendance: 823 (82.26%) -- Ticket Income $164,600.00
Game was played at the TD Banknorth Garden
Total Attendance: 13893 (79.09%)
Total Ticket Income: $956,984.50
Other Expense: $114,779.20
Total Income: $842,205.00


Play by Play

Period #1

0:01 of 1st period - Pavel Datsyuk wins face-off versus Jason Spezza in neutral zone.
0:29 of 1st period - Pavel Datsyuk is hit by Wade Redden and loses puck.
0:56 of 1st period - Icing by Marc-Andre Bergeron.
0:57 of 1st period - Jason Spezza wins face-off versus Sean Avery in Senators zone.
2:23 of 1st period - Dany Heatley is hit by Zdeno Chara and loses puck.
2:31 of 1st period - Shot by Peter Schaefer.
2:31 of 1st period - Shot Blocked by Rostislav Klesla.
2:31 of 1st period - Minor Penalty to Zdeno Chara for Slashing.
2:32 of 1st period - Wayne Primeau wins face-off versus Jason Spezza in Bruins zone.
4:05 of 1st period - Shot by Peter Schaefer.
4:05 of 1st period - Shot Misses the Net.
4:37 of 1st period - Andrej Meszaros is hit by Sean Avery and loses puck.
4:41 of 1st period - Shot by Shean Donovan.
4:41 of 1st period - Shot Misses the Net.
4:51 of 1st period - Minor Penalty to Paul Mara for Interference.
4:52 of 1st period - Wayne Primeau wins face-off versus Antoine Vermette in Senators zone.
5:06 of 1st period - Icing by Mike Fisher.
5:07 of 1st period - Mike Fisher wins face-off versus Patrice Bergeron in Senators zone.
5:48 of 1st period - Shot by Joffrey Lupul.
5:48 of 1st period - Stopped by Tim Thomas with a rebound.
5:49 of 1st period - Shot by Marc-Andre Bergeron.
5:49 of 1st period - Shot Blocked by Mattias Norstrom.
5:52 of 1st period - Shot by Chris Kelly.
5:52 of 1st period - Shot Blocked by Rostislav Klesla.
5:53 of 1st period - Shot by Peter Schaefer.
5:53 of 1st period - Shot Blocked by Rostislav Klesla.
5:54 of 1st period - Shot by Joffrey Lupul.
5:54 of 1st period - Stopped by Tim Thomas without a rebound.
5:55 of 1st period - Wayne Primeau wins face-off versus Antoine Vermette in Bruins zone.
6:18 of 1st period - Shot by Chris Kelly.
6:18 of 1st period - Stopped by Tim Thomas with a rebound.
6:19 of 1st period - Shot by Mike Cammalleri.
6:19 of 1st period - Shot Misses the Net.
6:20 of 1st period - Shot by Brent Seabrook.
6:20 of 1st period - Stopped by Tim Thomas without a rebound.
6:21 of 1st period - Patrice Bergeron wins face-off versus Jason Spezza in Bruins zone.
6:29 of 1st period - Off-side.
6:30 of 1st period - Jason Spezza wins face-off versus Patrice Bergeron in neutral zone.
8:41 of 1st period - Shot by Peter Schaefer.
8:41 of 1st period - Stopped by Tim Thomas without a rebound.
8:42 of 1st period - Patrice Bergeron wins face-off versus Antoine Vermette in Bruins zone.
9:02 of 1st period - Minor Penalty to Chris Phillips for Tripping.
9:03 of 1st period - Patrice Bergeron wins face-off versus Peter Schaefer in Senators zone.
9:21 of 1st period - Icing by Paul Mara.
9:22 of 1st period - Brad Boyes wins face-off versus Peter Schaefer in Bruins zone.
10:07 of 1st period - Shot by Rick Nash.
10:07 of 1st period - Goal by Rick Nash.
10:08 of 1st period - Sean Avery wins face-off versus Dany Heatley in neutral zone.
10:10 of 1st period - Shean Donovan is hit by Chris Neil and loses puck.
10:28 of 1st period - Shot by Dany Heatley.
10:28 of 1st period - Shot Misses the Net.
10:34 of 1st period - Icing by Paul Mara.
10:35 of 1st period - Sean Avery wins face-off versus Joffrey Lupul in Bruins zone.
11:51 of 1st period - Dany Heatley is hit by Zdeno Chara and loses puck.
12:24 of 1st period - Chris Neil is hit by Mattias Norstrom and loses puck.
12:32 of 1st period - Shot by Chris Kelly.
12:32 of 1st period - Stopped by Tim Thomas with a rebound.
12:37 of 1st period - Shot by Peter Schaefer.
12:37 of 1st period - Shot Misses the Net.
12:42 of 1st period - Shot by Chris Neil.
12:42 of 1st period - Stopped by Tim Thomas without a rebound.
12:43 of 1st period - Sean Avery wins face-off versus Antoine Vermette in Bruins zone.
13:14 of 1st period - Shot by Mike Fisher.
13:14 of 1st period - Stopped by Tim Thomas without a rebound.
13:15 of 1st period - Antoine Vermette wins face-off versus Rick Nash in Bruins zone.
13:44 of 1st period - Shot by Patrick Eaves.
13:44 of 1st period - Shot Blocked by Brian Leetch.
13:45 of 1st period - Shot by Wade Redden.
13:45 of 1st period - Stopped by Tim Thomas without a rebound.
13:46 of 1st period - Patrice Bergeron wins face-off versus Dany Heatley in Bruins zone.
14:15 of 1st period - Shot by Marco Sturm.
14:15 of 1st period - Shot Blocked by Brent Seabrook.
14:29 of 1st period - Major Penalty to Antoine Vermette for Checking from behind.
14:30 of 1st period - Pavel Datsyuk wins face-off versus Jason Spezza in Bruins zone.
14:32 of 1st period - Icing by Rick Nash.
14:33 of 1st period - Jason Spezza wins face-off versus Pavel Datsyuk in Bruins zone.
15:48 of 1st period - Shot by Marco Sturm.
15:48 of 1st period - Stopped by Martin Gerber without a rebound.
15:49 of 1st period - Pavel Datsyuk wins face-off versus Peter Schaefer in Senators zone.
15:50 of 1st period - Shot by Marco Sturm.
15:50 of 1st period - Shot Blocked by Wade Redden.
15:55 of 1st period - Shot by Pavel Datsyuk.
15:55 of 1st period - Stopped by Martin Gerber without a rebound.
15:56 of 1st period - Brad Boyes wins face-off versus Peter Schaefer in Senators zone.
16:19 of 1st period - Shot by Brad Boyes.
16:19 of 1st period - Stopped by Martin Gerber without a rebound.
16:20 of 1st period - Patrice Bergeron wins face-off versus Jason Spezza in Senators zone.
16:32 of 1st period - Icing by Brian Leetch.
16:33 of 1st period - Jason Spezza wins face-off versus Patrice Bergeron in Bruins zone.
16:39 of 1st period - Icing by Zdeno Chara.
16:40 of 1st period - Brad Boyes wins face-off versus Peter Schaefer in Bruins zone.
16:42 of 1st period - Icing by Patrice Bergeron.
16:43 of 1st period - Patrice Bergeron wins face-off versus Jason Spezza in Bruins zone.
17:29 of 1st period - Icing by Paul Mara.
17:30 of 1st period - Pavel Datsyuk wins face-off versus Jason Spezza in Bruins zone.
17:53 of 1st period - Shot by Rick Nash.
17:53 of 1st period - Shot Misses the Net.

Period #2

0:01 of 2nd period - Jason Spezza wins face-off versus Pavel Datsyuk in neutral zone.
0:06 of 2nd period - Shot by Jason Spezza.
0:06 of 2nd period - Stopped by Tim Thomas with a rebound.
0:11 of 2nd period - Shot by Brad Boyes.
0:11 of 2nd period - Stopped by Martin Gerber with a rebound.
0:14 of 2nd period - Shot by Pavel Datsyuk.
0:14 of 2nd period - Stopped by Martin Gerber without a rebound.
0:15 of 2nd period - Patrice Bergeron wins face-off versus Antoine Vermette in Senators zone.
0:32 of 2nd period - Shot by Glen Murray.
0:32 of 2nd period - Stopped by Martin Gerber without a rebound.
0:33 of 2nd period - Pavel Datsyuk wins face-off versus Dany Heatley in Senators zone.
0:33 of 2nd period - Brian Leetch is hit by Dany Heatley and loses puck.
0:45 of 2nd period - Shot by Brad Boyes.
0:45 of 2nd period - Shot Misses the Net.
1:04 of 2nd period - Shot by Dany Heatley.
1:04 of 2nd period - Stopped by Tim Thomas with a rebound.
1:05 of 2nd period - Shot by Wade Redden.
1:05 of 2nd period - Shot Misses the Net.
1:08 of 2nd period - Shot by Jason Spezza.
1:08 of 2nd period - Stopped by Tim Thomas without a rebound.
1:09 of 2nd period - Patrice Bergeron wins face-off versus Antoine Vermette in Bruins zone.
1:41 of 2nd period - Joffrey Lupul is hit by Zdeno Chara and loses puck.
2:27 of 2nd period - Shot by Peter Schaefer.
2:27 of 2nd period - Stopped by Tim Thomas without a rebound.
2:28 of 2nd period - Pavel Datsyuk wins face-off versus Jason Spezza in Bruins zone.
2:34 of 2nd period - Off-side.
2:35 of 2nd period - Pavel Datsyuk wins face-off versus Jason Spezza in neutral zone.
2:47 of 2nd period - Icing by Wade Redden.
2:48 of 2nd period - Jason Spezza wins face-off versus Sean Avery in Senators zone.
3:16 of 2nd period - Jason Spezza is hit by Paul Mara and loses puck.
3:27 of 2nd period - Minor Penalty to Shean Donovan for Roughing.
3:28 of 2nd period - Jason Spezza wins face-off versus Wayne Primeau in Senators zone.
3:36 of 2nd period - Icing by Wade Redden.
3:37 of 2nd period - Jason Spezza wins face-off versus Patrice Bergeron in Senators zone.
4:15 of 2nd period - Icing by Brent Seabrook.
4:16 of 2nd period - Wayne Primeau wins face-off versus Antoine Vermette in Senators zone.
4:26 of 2nd period - Off-side.
4:27 of 2nd period - Wayne Primeau wins face-off versus Antoine Vermette in neutral zone.
5:37 of 2nd period - Minor Penalty to Nathan Dempsey for Tripping.
5:38 of 2nd period - Wayne Primeau wins face-off versus Antoine Vermette in Bruins zone.
6:03 of 2nd period - Shot by Dany Heatley.
6:03 of 2nd period - Stopped by Tim Thomas with a rebound.
6:26 of 2nd period - Shot by Jason Spezza.
6:26 of 2nd period - Shot Misses the Net.
6:31 of 2nd period - Shot by Peter Schaefer.
6:31 of 2nd period - Stopped by Tim Thomas without a rebound.
6:32 of 2nd period - Chris Kelly wins face-off versus Pavel Datsyuk in Bruins zone.
6:40 of 2nd period - Icing by Peter Schaefer.
6:41 of 2nd period - Chris Kelly wins face-off versus Wayne Primeau in Senators zone.
8:02 of 2nd period - Shot by Marc-Andre Bergeron.
8:02 of 2nd period - Shot Blocked by Mattias Norstrom.
8:16 of 2nd period - Minor Penalty to Antoine Vermette for Elbowing.
8:17 of 2nd period - Patrice Bergeron wins face-off versus Jason Spezza in Bruins zone.
8:40 of 2nd period - Shot by Patrice Bergeron.
8:40 of 2nd period - Shot Misses the Net.
9:42 of 2nd period - Icing by Patrice Bergeron.
9:43 of 2nd period - Peter Schaefer wins face-off versus Patrice Bergeron in Bruins zone.
9:57 of 2nd period - Icing by Brad Boyes.
9:58 of 2nd period - Peter Schaefer wins face-off versus Patrice Bergeron in Bruins zone.
10:34 of 2nd period - Alex Zhamnov is hit by Joe Corvo and loses puck.
10:44 of 2nd period - Shot by Wayne Primeau.
10:44 of 2nd period - Shot Misses the Net.
10:56 of 2nd period - Minor Penalty to Alex Zhamnov for Slashing.
10:57 of 2nd period - Dany Heatley wins face-off versus Patrice Bergeron in Bruins zone.
12:04 of 2nd period - Shot by Peter Schaefer.
12:04 of 2nd period - Shot Misses the Net.
12:07 of 2nd period - Shot by Peter Schaefer.
12:07 of 2nd period - Shot Misses the Net.
12:10 of 2nd period - Shot by Joffrey Lupul.
12:10 of 2nd period - Shot Misses the Net.
12:11 of 2nd period - Shot by Peter Schaefer.
12:11 of 2nd period - Shot Misses the Net.
12:14 of 2nd period - Shot by Joffrey Lupul.
12:14 of 2nd period - Shot Misses the Net.
13:51 of 2nd period - Shot by Chris Neil.
13:51 of 2nd period - Stopped by Tim Thomas without a rebound.
13:52 of 2nd period - Patrice Bergeron wins face-off versus Chris Kelly in Bruins zone.
14:07 of 2nd period - Shot by Dany Heatley.
14:07 of 2nd period - Shot Misses the Net.
14:08 of 2nd period - Shot by Tom Preissing.
14:08 of 2nd period - Stopped by Tim Thomas without a rebound.
14:09 of 2nd period - Jason Spezza wins face-off versus Wayne Primeau in Bruins zone.
14:22 of 2nd period - Shot by Jason Spezza.
14:22 of 2nd period - Stopped by Tim Thomas without a rebound.
14:23 of 2nd period - Sean Avery wins face-off versus Dany Heatley in Bruins zone.
14:36 of 2nd period - Shot by Shean Donovan.
14:36 of 2nd period - Stopped by Martin Gerber without a rebound.
14:37 of 2nd period - Glen Murray wins face-off versus Joffrey Lupul in Senators zone.
14:53 of 2nd period - Icing by Zdeno Chara.
14:54 of 2nd period - Patrice Bergeron wins face-off versus Jason Spezza in Bruins zone.
14:56 of 2nd period - Minor Penalty to Mike Cammalleri for Diving.
14:57 of 2nd period - Patrice Bergeron wins face-off versus Peter Schaefer in neutral zone.
15:47 of 2nd period - Off-side.
15:48 of 2nd period - Pavel Datsyuk wins face-off versus Peter Schaefer in neutral zone.
15:50 of 2nd period - Off-side.
15:51 of 2nd period - Jason Spezza wins face-off versus Pavel Datsyuk in neutral zone.
16:12 of 2nd period - Shot by Glen Murray.
16:12 of 2nd period - Stopped by Martin Gerber without a rebound.
16:13 of 2nd period - Jason Spezza wins face-off versus Patrice Bergeron in Senators zone.
16:19 of 2nd period - Icing by Rostislav Klesla.
16:20 of 2nd period - Jason Spezza wins face-off versus Patrice Bergeron in Bruins zone.
17:06 of 2nd period - Minor Penalty to Antoine Vermette for Delaying the game.
17:07 of 2nd period - Peter Schaefer wins face-off versus Glen Murray in Senators zone.
17:28 of 2nd period - Shot by Rick Nash.
17:28 of 2nd period - Stopped by Martin Gerber with a rebound.
17:57 of 2nd period - Shot by Marco Sturm.
17:57 of 2nd period - Stopped by Martin Gerber without a rebound.
17:58 of 2nd period - Pavel Datsyuk wins face-off versus Peter Schaefer in Senators zone.
17:59 of 2nd period - Shot by Brad Boyes.
17:59 of 2nd period - Shot Misses the Net.
18:02 of 2nd period - Shot by Marco Sturm.
18:02 of 2nd period - Stopped by Martin Gerber with a rebound.
18:07 of 2nd period - Shot by Brad Boyes.
18:07 of 2nd period - Shot Hit the Post.
18:52 of 2nd period - Shot by Patrice Bergeron.
18:52 of 2nd period - Stopped by Martin Gerber without a rebound.
18:53 of 2nd period - Jason Spezza wins face-off versus Patrice Bergeron in Senators zone.
19:12 of 2nd period - Shot by Mike Fisher.
19:12 of 2nd period - Shot Misses the Net.
19:29 of 2nd period - Shot by Shean Donovan.
19:29 of 2nd period - Stopped by Martin Gerber without a rebound.
19:30 of 2nd period - Wayne Primeau wins face-off versus Dany Heatley in Senators zone.

Period #3

0:01 of 3rd period - Pavel Datsyuk wins face-off versus Jason Spezza in neutral zone.
0:03 of 3rd period - Off-side.
0:04 of 3rd period - Patrice Bergeron wins face-off versus Jason Spezza in neutral zone.
0:15 of 3rd period - Shot by Marco Sturm.
0:15 of 3rd period - Stopped by Martin Gerber without a rebound.
0:16 of 3rd period - Antoine Vermette wins face-off versus Pavel Datsyuk in Senators zone.
0:24 of 3rd period - Joffrey Lupul is hit by Mattias Norstrom and loses puck.
0:26 of 3rd period - Shot by Joe Corvo.
0:26 of 3rd period - Shot Misses the Net.
0:28 of 3rd period - Minor Penalty to Mattias Norstrom for Cross-checking.
0:29 of 3rd period - Patrice Bergeron wins face-off versus Jason Spezza in Bruins zone.
0:51 of 3rd period - Off-side.
0:52 of 3rd period - Patrice Bergeron wins face-off versus Antoine Vermette in neutral zone.
0:52 of 3rd period - Minor Penalty to Mike Fisher for Charging.
0:53 of 3rd period - Pavel Datsyuk wins face-off versus Jason Spezza in neutral zone.
1:00 of 3rd period - Shot by Glen Murray.
1:00 of 3rd period - Stopped by Martin Gerber without a rebound.
1:01 of 3rd period - Patrice Bergeron wins face-off versus Joffrey Lupul in Senators zone.
1:14 of 3rd period - Shot by Rick Nash.
1:14 of 3rd period - Shot Misses the Net.
1:19 of 3rd period - Shot by Patrice Bergeron.
1:19 of 3rd period - Goal by Patrice Bergeron.
1:20 of 3rd period - Pavel Datsyuk wins face-off versus Jason Spezza in neutral zone.
1:49 of 3rd period - Shot by Jason Spezza.
1:49 of 3rd period - Shot Misses the Net.
1:54 of 3rd period - Shot by Pavel Datsyuk.
1:54 of 3rd period - Stopped by Martin Gerber without a rebound.
1:55 of 3rd period - Joffrey Lupul wins face-off versus Patrice Bergeron in Senators zone.
2:14 of 3rd period - Shot by Mike Cammalleri.
2:14 of 3rd period - Shot Misses the Net.
2:17 of 3rd period - Shot by Mike Cammalleri.
2:17 of 3rd period - Shot Misses the Net.
2:28 of 3rd period - Shot by Rick Nash.
2:28 of 3rd period - Stopped by Martin Gerber without a rebound.
2:29 of 3rd period - Patrice Bergeron wins face-off versus Jason Spezza in Senators zone.
3:03 of 3rd period - Minor Penalty to Brent Seabrook for Cross-checking.
3:04 of 3rd period - Peter Schaefer wins face-off versus Pavel Datsyuk in Senators zone.
3:15 of 3rd period - Shot by Glen Murray.
3:15 of 3rd period - Shot Blocked by Wade Redden.
3:18 of 3rd period - Shot by Pavel Datsyuk.
3:18 of 3rd period - Shot Blocked by Wade Redden.
3:23 of 3rd period - Shot by Rick Nash.
3:23 of 3rd period - Stopped by Martin Gerber without a rebound.
3:24 of 3rd period - Jason Spezza wins face-off versus Patrice Bergeron in Senators zone.
3:47 of 3rd period - Shot by Patrice Bergeron.
3:47 of 3rd period - Stopped by Martin Gerber without a rebound.
3:48 of 3rd period - Pavel Datsyuk wins face-off versus Peter Schaefer in Senators zone.
3:57 of 3rd period - Shot by Brian Leetch.
3:57 of 3rd period - Stopped by Martin Gerber without a rebound.
3:58 of 3rd period - Pavel Datsyuk wins face-off versus Peter Schaefer in Senators zone.
4:11 of 3rd period - Shot by Pavel Datsyuk.
4:11 of 3rd period - Shot Misses the Net.
4:22 of 3rd period - Shot by Rick Nash.
4:22 of 3rd period - Shot Misses the Net.
4:23 of 3rd period - Shot by Zdeno Chara.
4:23 of 3rd period - Goal by Rick Nash.
4:24 of 3rd period - Mike Fisher wins face-off versus Sean Avery in neutral zone.
4:35 of 3rd period - Shot by Antoine Vermette.
4:35 of 3rd period - Stopped by Tim Thomas without a rebound.
4:36 of 3rd period - Jason Spezza wins face-off versus Wayne Primeau in Bruins zone.
4:55 of 3rd period - Shot by Jason Spezza.
4:55 of 3rd period - Stopped by Tim Thomas with a rebound.
5:01 of 3rd period - Off-side.
5:02 of 3rd period - Antoine Vermette wins face-off versus P.J. Axelsson in neutral zone.
5:18 of 3rd period - Minor Penalty to Sean Avery for Diving.
5:19 of 3rd period - Antoine Vermette wins face-off versus Glen Murray in Bruins zone.
5:41 of 3rd period - Icing by Mike Cammalleri.
5:42 of 3rd period - Wayne Primeau wins face-off versus Antoine Vermette in Senators zone.
6:19 of 3rd period - Shot by Jason Spezza.
6:19 of 3rd period - Shot Misses the Net.
6:20 of 3rd period - Shot by Jason Spezza.
6:20 of 3rd period - Shot Blocked by Brian Leetch.
6:21 of 3rd period - Shot by Patrick Eaves.
6:21 of 3rd period - Shot Blocked by Zdeno Chara.
6:22 of 3rd period - Shot by Peter Schaefer.
6:22 of 3rd period - Shot Blocked by Brian Leetch.
6:23 of 3rd period - Shot by Wade Redden.
6:23 of 3rd period - Shot Blocked by Brian Leetch.
6:24 of 3rd period - Shot by Peter Schaefer.
6:24 of 3rd period - Stopped by Tim Thomas with a rebound.
6:27 of 3rd period - Shot by Jason Spezza.
6:27 of 3rd period - Goal by Jason Spezza.
6:28 of 3rd period - Dany Heatley wins face-off versus Sean Avery in neutral zone.
6:57 of 3rd period - Shot by Dany Heatley.
6:57 of 3rd period - Stopped by Tim Thomas without a rebound.
6:58 of 3rd period - Antoine Vermette wins face-off versus Pavel Datsyuk in Bruins zone.
6:59 of 3rd period - Shot by Mike Fisher.
6:59 of 3rd period - Stopped by Tim Thomas without a rebound.
7:00 of 3rd period - Antoine Vermette wins face-off versus Pavel Datsyuk in Bruins zone.
7:57 of 3rd period - Shot by Mike Cammalleri.
7:57 of 3rd period - Shot Blocked by Zdeno Chara.
8:00 of 3rd period - Shot by Jason Spezza.
8:00 of 3rd period - Stopped by Tim Thomas without a rebound.
8:01 of 3rd period - Sean Avery wins face-off versus Chris Neil in Bruins zone.
9:21 of 3rd period - Patrick Eaves is hit by Rostislav Klesla and loses puck.
9:32 of 3rd period - Off-side.
9:33 of 3rd period - Chris Kelly wins face-off versus Brad Boyes in neutral zone.
9:50 of 3rd period - Shot by Joffrey Lupul.
9:50 of 3rd period - Shot Misses the Net.
10:23 of 3rd period - Shot by Peter Schaefer.
10:23 of 3rd period - Shot Blocked by Brian Leetch.
10:37 of 3rd period - Rick Nash is hit by Chris Neil and loses puck.
11:27 of 3rd period - Shot by Wade Redden.
11:27 of 3rd period - Shot Misses the Net.
11:30 of 3rd period - Shot by Mike Cammalleri.
11:30 of 3rd period - Shot Misses the Net.
11:31 of 3rd period - Shot by Marc-Andre Bergeron.
11:31 of 3rd period - Shot Misses the Net.
11:50 of 3rd period - Shot by Rostislav Klesla.
11:50 of 3rd period - Shot Blocked by Joe Corvo.
12:08 of 3rd period - Minor Penalty to Sean Avery for Slashing.
12:09 of 3rd period - Patrick Eaves wins face-off versus Patrice Bergeron in neutral zone.
12:57 of 3rd period - Icing by Brent Seabrook.
12:58 of 3rd period - Antoine Vermette wins face-off versus Kirk Maltby in Senators zone.
14:00 of 3rd period - Off-side.
14:01 of 3rd period - Antoine Vermette wins face-off versus Wayne Primeau in neutral zone.
14:11 of 3rd period - Minor Penalty to Shean Donovan for Clipping.
14:12 of 3rd period - Antoine Vermette wins face-off versus Wayne Primeau in Bruins zone.
14:17 of 3rd period - Shot by Mike Cammalleri.
14:17 of 3rd period - Shot Misses the Net.
14:18 of 3rd period - Shot by Mike Fisher.
14:18 of 3rd period - Shot Misses the Net.
14:19 of 3rd period - Shot by Brent Seabrook.
14:19 of 3rd period - Stopped by Tim Thomas with a rebound.
14:22 of 3rd period - Shot by Mike Fisher.
14:22 of 3rd period - Shot Misses the Net.
14:25 of 3rd period - Shot by Dany Heatley.
14:25 of 3rd period - Stopped by Tim Thomas without a rebound.
14:26 of 3rd period - Glen Murray wins face-off versus Jason Spezza in Bruins zone.
15:51 of 3rd period - Shot by Rick Nash.
15:51 of 3rd period - Shot Misses the Net.
16:06 of 3rd period - Shot by Jason Spezza.
16:06 of 3rd period - Shot Misses the Net.
16:07 of 3rd period - Shot by Joffrey Lupul.
16:07 of 3rd period - Goal by Joffrey Lupul.
16:08 of 3rd period - Sean Avery wins face-off versus Chris Neil in neutral zone.
16:32 of 3rd period - Minor Penalty to Nathan Dempsey for Slashing.
16:33 of 3rd period - Chris Kelly wins face-off versus Patrice Bergeron in Bruins zone.
16:34 of 3rd period - Shot by Mike Fisher.
16:34 of 3rd period - Stopped by Tim Thomas without a rebound.
16:35 of 3rd period - Wayne Primeau wins face-off versus Joffrey Lupul in Bruins zone.
17:29 of 3rd period - Off-side.
17:30 of 3rd period - Jason Spezza wins face-off versus Wayne Primeau in neutral zone.
17:45 of 3rd period - Shot by Jason Spezza.
17:45 of 3rd period - Shot Blocked by Brian Leetch.
18:38 of 3rd period - Shot by Antoine Vermette.
18:38 of 3rd period - Shot Blocked by Nathan Dempsey.
18:39 of 3rd period - Shot by Chris Phillips.
18:39 of 3rd period - Goal by Chris Phillips.
18:40 of 3rd period - Sean Avery wins face-off versus Antoine Vermette in neutral zone.
18:53 of 3rd period - Shot by Antoine Vermette.
18:53 of 3rd period - Stopped by Tim Thomas without a rebound.
18:54 of 3rd period - Antoine Vermette wins face-off versus Pavel Datsyuk in Bruins zone.
19:00 of 3rd period - Off-side.
19:01 of 3rd period - Pavel Datsyuk wins face-off versus Dany Heatley in neutral zone.
19:08 of 3rd period - Shot by Rick Nash.
19:08 of 3rd period - Goal by Pavel Datsyuk.
19:09 of 3rd period - Antoine Vermette wins face-off versus Sean Avery in neutral zone.
19:12 of 3rd period - Senators,Martin Gerber is pulled from the net.
19:53 of 3rd period - Icing by Wade Redden.
19:54 of 3rd period - Jason Spezza wins face-off versus Pavel Datsyuk in Senators zone.


Output by the SimonT Hockey Simulator (STHS) for Stephane Roy -- Original Page W3C XHTML 1.0 Valid